 Dungeon Crawl Stone Soup version 0.23-a0-636-g0ff6057 (webtiles) character file.

3662 Matador8 the Destroyer (level 9, -3/62 HPs)
             Began as a Grey Draconian Conjurer on Dec 28, 2018.
             Was an Initiate of Gozag.
             Slain by a two-headed ogre
             ... wielding a +0 giant club
              (10 damage)
             ... on level 9 of the Dungeon.
             The game lasted 00:53:42 (10122 turns).

Matador8 the Destroyer (Grey Draconian Conjurer)   Turns: 10122, Time: 00:53:53

Health: -3/62      AC: 15    Str: 12    XL:     9   Next: 89%
Magic:  18/22      EV: 12    Int: 18    God:    Gozag
Gold:   1136       SH:  0    Dex: 11    Spells: 16/26 levels left

rFire    . . .     SeeInvis .   o - +4 dagger (venom)
rCold    . . .     Gourm    .   (no shield)
rNeg     + . .     Faith    .   (armour unavailable)
rPois    .         Spirit   .   (helmet restricted)
rElec    .         Reflect  .   m - +0 cloak
rCorr    .         Harm     .   g - +0 pair of gloves
MR       .....                  v - +0 pair of boots
Stlth    ++........             (no amulet)
HPRegen  0.20/turn              q - ring of positive energy
MPRegen  0.18/turn              y - ring of flight

@: no status effects
A: walk through water, unfitting armour, unbreathing, cold-blooded, AC +12
a: Potion Petition, Call Merchant, Bribe Branch, Renounce Religion, Evoke Flight


You were on level 9 of the Dungeon.
You worshipped Gozag.
Gozag was most pleased with you.
You were hungry.

You visited 2 branches of the dungeon, and saw 10 of its levels.

You collected 1247 gold pieces.
You paid 111 gold pieces to Gozag.

Inventory:

Hand Weapons
 i - a +0 short sword
 o - a +4 dagger of venom (weapon)
 A - a +1 whip of freezing
 D - a +2 dagger of electrocution
 E - a +0 blowgun
Missiles
 s - 18 poisoned needles
 F - a curare-tipped needle
Armour
 g - a +0 pair of gloves (worn)
 k - a scarf of cloud immunity
 m - a +0 cloak (worn)
 v - a +0 pair of boots (worn)
Jewellery
 q - a ring of positive energy (left hand)
 y - a ring of flight (right hand)
Wands
 u - a wand of iceblast (5)
Scrolls
 d - a scroll of remove curse
 e - a scroll of fog
 f - 2 scrolls of noise {unknown}
 h - a scroll of identify
 n - 2 scrolls of teleportation
 p - 2 scrolls of blinking {unknown}
 r - 2 scrolls of enchant armour {unknown}
 t - a scroll of summoning {unknown}
 x - 2 scrolls of amnesia {unknown}
 z - a scroll of enchant weapon {unknown}
 G - a scroll of brand weapon {unknown}
Potions
 a - 6 potions of curing
 c - a potion of cancellation
 j - 4 potions of heal wounds
 l - a potion of might
 w - 2 potions of berserk rage
 B - a potion of mutation
 C - a potion of haste
Comestibles
 b - 12 rations


   Skills:
 - Level 4.3 Short Blades
 - Level 1.7 Dodging
 - Level 1.7 Stealth
 * Level 9.0 Spellcasting
 * Level 10.3 Conjurations


You had 16 spell levels left.
You knew the following spells:

 Your Spells              Type           Power        Failure   Level  Hunger
a - Magic Dart            Conj           ####         1%          1    None
b - Searing Ray           Conj           #####.       1%          2    None
c - Dazzling Spray        Conj/Hex       ####..       3%          3    None
d - Iskenderun's Mystic   Conj           #####...     1%          4    ###....

Your spell library contained the following spells:

 Spells                   Type           Power        Failure   Level  Hunger
 Beastly Appendage        Tmut           #.....       9%          1    None
 Force Lance              Conj/Tloc      ####....     11%         4    ###....
 Fulminant Prism          Conj/Hex       ####......   11%         4    ###....
 Sticks to Snakes         Tmut           #.......     13%         2    None
 Spider Form              Tmut/Pois      #.........   26%         3    None
 Ice Form                 Ice/Tmut       #.......     65%         4    ###....
 Blade Hands              Tmut           #.........   94%         5    #####..


Dungeon Overview and Level Annotations

Branches:
Dungeon (9/15)             Temple (1/1) D:6
   Lair: D:8-11         Orc: D:9-12

Altars:
Ashenzari
Dithmenos
Elyvilon
Gozag
Hepliaklqana
Kikubaaqudgha
Nemelex Xobeh
Qazlal
Sif Muna
Uskayaw

Annotations:
D:3 Purgy


Innate Abilities, Weirdness & Mutations

You can walk through water.
Your dull iron-grey scales are very hard. (AC +12)
You cannot fit into any form of body armour.
You can survive without breathing.
You are cold-blooded and may be slowed by cold attacks.


Message History

Press: ? - help, Shift-Dir - straight line, f/p - two-headed ogre
Aim: a two-headed ogre, wielding two +0 giant clubs (heavily wounded)
The spray of energy hits the two-headed ogre.
The two-headed ogre is severely wounded.
The two-headed ogre is dazzled.
The two-headed ogre shouts in stereo!
The two-headed ogre closely misses you. x2
You barely miss the two-headed ogre.
The two-headed ogre is severely wounded.
The two-headed ogre misses you.
The two-headed ogre hits you with a +0 giant club!
You hit the two-headed ogre.
The two-headed ogre is severely wounded.
You completely miss the two-headed ogre.
The two-headed ogre is severely wounded.
The two-headed ogre hits you with a +0 giant club!!
* * * LOW HITPOINT WARNING * * *
The two-headed ogre hits you with a +0 giant club!
You die...
Your body crumbles into a pile of gold.

#............
#.##..##.#.##
#.##.....#
#.##...### #
#.##...###..#
#.##........#
#.###..####.##.
#.###..........
#.@Or#.####.###
####.#.# #.#..
#.#### #.# #.#
#.# #.# #.#


You could see a two-headed ogre (blind) and a quokka.

Vanquished Creatures
  A hornet (D:7)
  A hippogriff (D:4)
  A wyvern (D:8)
  An ice beast (D:7)
  3 sky beasts
  2 orc warriors (D:6)
  A black bear (D:7)
  2 phantoms
  4 ogres
  A necrophage (D:8)
  3 big kobolds
  3 bullfrogs
  4 killer bees (D:7)
  3 wights (D:8)
  2 crimson imps
  A bullfrog zombie (D:5)
  4 hounds
  3 orc priests
  2 centaur skeletons
  3 bullfrog skeletons
  2 iguanas
  Ijyb (D:4)
  7 orc wizards
  4 worker ants
  A killer bee zombie (D:8)
  Robin (D:3)
  A worker ant zombie (D:6)
  4 gnolls (D:6)
  14 adders
  3 shadow imps
  An ooze (D:7)
  An adder skeleton (D:6)
  7 worms
  3 leopard geckos
  28 orcs
  A ball python (D:4)
  5 giant cockroaches
  14 goblins
  9 hobgoblins
  4 jackals
  28 kobolds
  2 quokkas
  4 bats
  3 frilled lizards
  A leopard gecko skeleton (D:4)
  2 quokka skeletons (D:8)
  A quokka zombie (D:6)
  6 rats
203 creatures vanquished.

Notes
Turn   | Place    | Note
-------+----------+-------------------------------------------
     0 | D:1      | Matador8 the Draconian Conjurer began the quest for the
                  | Orb.
     0 | D:1      | Reached XP level 1. HP: 14/14 MP: 3/3
   428 | D:1      | Reached XP level 2. HP: 15/20 MP: 3/5
  1105 | D:1      | Reached XP level 3. HP: 7/26 MP: 5/7
  1701 | D:2      | Found a hazy altar of Hepliaklqana.
  1820 | D:2      | Learned a level 2 spell: Searing Ray
  1967 | D:2      | Reached XP level 4. HP: 20/33 MP: 0/8
  2125 | D:2      | Found a white marble altar of Elyvilon.
  2125 | D:2      | Found a sparkling altar of Nemelex Xobeh.
  2422 | D:3      | Reached skill level 5 in Conjurations
  2687 | D:3      | Identified the +2 helmet of Circular Logic {Int+5}
  2687 | D:3      | Noticed Robin
  2715 | D:3      | Killed Robin
  2832 | D:3      | Noticed Purgy
  3283 | D:3      | Found an ancient bone altar of Kikubaaqudgha.
  3370 | D:3      | Reached XP level 5. HP: 38/38 MP: 10/10
  3666 | D:4      | Reached skill level 1 in Short Blades
  3780 | D:4      | Noticed Ijyb
  3884 | D:4      | Noticed a phantom
  4093 | D:4      | Killed Ijyb
  4093 | D:4      | Reached XP level 6. HP: 42/45 MP: 7/12
  4155 | D:4      | Noticed a hippogriff
  4176 | D:4      | Killed a hippogriff
  4176 | D:4      | Reached skill level 6 in Conjurations
  4543 | D:4      | Found a hide-covered altar of Uskayaw.
  4566 | D:4      | Your scales start taking on a dull iron-grey colour.
  4566 | D:4      | Reached XP level 7. HP: 50/50 MP: 14/14
  4566 | D:4      | Gained mutation: You can survive without breathing. [Grey
                  | Draconian growth]
  4596 | D:4      | Reached skill level 5 in Spellcasting
  4768 | D:5      | Entered Level 5 of the Dungeon
  5083 | D:5      | Reached skill level 7 in Conjurations
  5585 | D:6      | Found a staircase to the Ecumenical Temple.
  5591 | Temple   | Entered the Ecumenical Temple
  5619 | Temple   | Became a worshipper of Gozag Ym Sagoz the Greedy
  5689 | D:6      | Reached XP level 8. HP: 47/57 MP: 13/16
  6522 | D:6      | Reached skill level 8 in Conjurations
  7014 | D:6      | Found a stormy altar of Qazlal.
  7278 | D:7      | Noticed a hornet
  7543 | D:7      | Reached XP level 9. HP: 23/62 MP: 3/19
  7827 | D:7      | Found a deep blue altar of Sif Muna.
  7869 | D:7      | Reached skill level 9 in Conjurations
  8658 | D:7      | Learned a level 3 spell: Dazzling Spray
  8663 | D:7      | Learned a level 4 spell: Iskenderun's Mystic Blast
  9360 | D:8      | Reached skill level 10 in Conjurations
 10086 | D:9      | Noticed a two-headed ogre
 10122 | D:9      | Slain by a two-headed ogre

Vault maps used:
D:1:      sevenhm_arrival_forest_fort_small_6
D:2:      lemuel_round_altar, gammafunk_temple_overflow_wave
D:3:      kiku_gazebo_pond_becter, first_ration, uniq_purgy, uniq_robin
D:4:      kennysheep_mini_moat, st_stairs_12, chequers_mini_garden,
          fountainhead, uniq_ijyb
D:6:      minmay_inner_zag, nicolae_qazlal_eye_of_the_storm, temple_statues
D:7:      kennysheep_big_flooded_room, lemuel_doored_altar,
          hangedman_decor_growths
D:9:      zin_purify
Temple:   dpeg_chambers_temple

Skill      XL: |  1  2  3  4  5  6  7  8  9 |
---------------+----------------------------+-----
Spellcasting   | 3 4 5 7 9 |  9.0
Conjurations   | 5 6 7 8 10 | 10.3
Short Blades   | 1 2 3 4 |  4.3
Dodging        | |  1.7
Stealth        | |  1.7

Action                   |  1- 3 |  4- 6 |  7- 9 || total
-------------------------+-------+-------+-------++-------
Melee: Unarmed           |    18 |       |       ||    18
       Tailslap          |     6 |     6 |    48 ||    60
       Short sword       |    31 |    22 |       ||    53
       Dagger            |       |    74 |   436 ||   510
 Cast: Magic Dart        |    85 |    78 |   113 ||   276
       Searing Ray       |       |     6 |    11 ||    17
       Dazzling Spray    |       |       |     6 ||     6
       Iskenderun's Myst |       |       |     1 ||     1
  Use: Scroll            |       |     3 |    12 ||    15
       Potion            |       |     1 |     2 ||     3
 Stab: Sleeping          |     2 |     2 |     1 ||     5
       Distracted        |       |       |     1 ||     1
  Eat: Chunk             |     4 |     8 |     4 ||    16
       Ration            |       |       |     4 ||     4
Armor: Skin              |    29 |    41 |   188 ||   258
Dodge: Dodged            |    53 |    68 |   262 ||   383

Table legend:
 A = Non-vault XP
 B = Vault XP
 C = Vault XP percentage of total XP
 D = Non-vault monster count
 E = Vault monster count
 F = Vault count percentage of total count
                 A         B        C        D         E       F
            +---------+---------+-------+---------+---------+-------
      Total |    4875 |     357 |   6.8 |     186 |      17 |   8.4
            +---------+---------+-------+---------+---------+-------
        D:1 |      17 |       0 |   0.0 |       9 |       0 |   0.0
        D:2 |     102 |       0 |   0.0 |      24 |       0 |   0.0
        D:3 |      99 |      37 |  27.2 |      19 |      12 |  38.7
        D:4 |     568 |      36 |   6.0 |      16 |       1 |   5.9
        D:5 |     445 |       0 |   0.0 |      12 |       0 |   0.0
        D:6 |    1110 |      13 |   1.2 |      34 |       3 |   8.1
        D:7 |    1154 |     271 |  19.0 |      32 |       1 |   3.0
        D:8 |    1309 |       0 |   0.0 |      38 |       0 |   0.0
        D:9 |      71 |       0 |   0.0 |       2 |       0 |   0.0
            +---------+---------+-------+---------+---------+-------
